 Dungeon Crawl Stone Soup version 0.31-a0-1447-g87ca8d402b (webtiles) character file.

Game seed: 2429360411052710287

7380 Curundu the Protected (level 10, -5/91 HPs)
             Began as a Minotaur Berserker on Dec 28, 2023.
             Was a High Priest of Trog.
             Slain by a gnoll sergeant
             ... wielding a +2 trident of distortion
              (21 damage)
             ... on level 9 of the Dungeon.
             The game lasted 00:29:28 (9485 turns).

Curundu the Protected (Minotaur Berserker)          Turns: 9485, Time: 00:29:28

Health: -5/91      AC: 19    Str: 27    XL:     10   Next: 92%
Magic:  9/9        EV:  8    Int:  1    God:    Trog [*****.]
Gold:   435        SH:  8    Dex:  9    Spells: 9/9 levels left

rFire   + + .        D - +5 short sword "Impslayer" {drain, rF++ rC+ Int-3 Stlth+}
rCold   + . .        J - +0 kite shield
rNeg    . . .        g - +0 plate armour
rPois   .            (helmet restricted)
rElec   .            H - +0 cloak
rCorr   .            (no gloves)
SInv    .            u - +0 pair of boots
Will    .....        (no amulet) Stlth
                     (no ring)
HPRegen 0.35/turn    (no ring)
MPRegen 0.11/turn

%: no passive effects
@: lethally poisoned (-5 -> -8)
A: horns 2, retaliatory headbutt
a: Renounce Religion, Berserk, Trog's Hand, Brothers in Arms


You were on level 9 of the Dungeon.
You worshipped Trog.
Trog was extremely pleased with you.
You visited 1 branch of the dungeon, and saw 9 of its levels.

You collected 435 gold pieces.

Inventory:

Hand Weapons
 A - a +4 short sword of freezing
 D - the +5 short sword "Impslayer" (weapon) {drain, rF++ rC+ Int-3 Stlth+}
   (You took it off a gnoll on level 7 of the Dungeon)

   Int-3:     It affects your intelligence (-3).
   rF++:      It greatly protects you from fire.
   rC+:       It protects you from cold.
   Stlth+:    It makes you more stealthy.
Missiles
 h - 2 curare-tipped darts
 i - 8 poisoned darts
 k - 3 boomerangs
 C - 3 javelins
Armour
 g - a +0 plate armour (worn)
 u - a +0 pair of boots (worn)
 H - a +0 cloak (worn)
 J - a +0 kite shield (worn)
Jewellery
 f - a ring of positive energy
 x - a ring of positive energy
 I - a ring of ice
Wands
 r - a wand of roots (4) (quivered)
 z - a wand of mindburst (3)
Scrolls
 a - 10 scrolls of identify {unknown}
 c - 11 scrolls of teleportation
 d - a scroll of blinking {unknown}
 j - a scroll of poison {unknown}
 o - a scroll of immolation {unknown}
 p - a scroll of torment {unknown}
 t - 2 scrolls of noise {unknown}
 v - a scroll of enchant weapon {unknown}
 y - 2 scrolls of brand weapon {unknown}
 G - a scroll of amnesia {unknown}
 K - 2 scrolls of revelation {unknown}
Potions
 b - 4 potions of curing
 e - 2 potions of enlightenment {unknown}
 l - 3 potions of mutation {unknown}
 m - 2 potions of might {unknown}
 n - a potion of berserk rage {unknown}
 s - a potion of cancellation {unknown}
 w - 3 potions of lignification {unknown}
 E - 2 potions of attraction {unknown}
 F - 3 potions of brilliance {unknown}


   Skills:
 + Level 9.5 Fighting
 + Level 8.3 Short Blades
 + Level 2.0 Maces & Flails
 + Level 5.6 Polearms
 + Level 1.2 Throwing
 + Level 13.3 Armour
 + Level 3.8 Dodging
 + Level 1.1 Stealth
 + Level 3.4 Shields
 + Level 2.1 Evocations


You had 9 spell levels left.
You didn't know any spells.
Your spell library contained the following spells:

 Spells                   Type           Power      Damage    Failure   Level
 Sting                    Conj/Alch      0%         1d3       100%        1
 Mercury Vapours          Alch/Air       0%         N/A       100%        2
 Olgreb's Toxic Radiance  Alch           0%         N/A       100%        4


Dungeon Overview and Level Annotations

Branches:
Dungeon (9/15)             Temple (0/1) D:5
   Lair: D:8-11         Orc: D:9-12

Altars:
Dithmenos
Hepliaklqana
Kikubaaqudgha
Makhleb
Nemelex Xobeh

Annotations:
D:6 2 transporters, jfcaron's ghost, novice GnSh


Innate Abilities, Weirdness & Mutations

You have a pair of horns on your head.
You reflexively headbutt those who attack you in melee.


Message History

a +0 shortbow; a centaur corpse The gnoll sergeant shouts!
The killer bee buzzes angrily.
The killer bee stings you but does no damage.
You block the killer bee's attack.
The killer bee stings you but does no damage.
The killer bee stings you.
You are poisoned.
The killer bee poisons you!
You hit the killer bee. Your headbutt misses the killer bee.
The killer bee is moderately wounded.
You feel sick. You block the killer bee's attack.
The gnoll sergeant hits you from afar with a +2 trident of distortion.
Space warps horribly around you!!
You hit the killer bee. You drain the killer bee.
Your headbutt misses the killer bee.
The killer bee is heavily wounded.
You feel sick. The killer bee closely misses you. You furiously retaliate!
You headbutt the killer bee.
The gnoll sergeant hits you but does no damage.
Space warps horribly around you!
The killer bee stings you but does no damage.
You hit the killer bee.
You kill the killer bee!
Trog accepts your kill.
You feel sick.
You feel sick.
The gnoll sergeant hits you with a +2 trident of distortion.
Space warps horribly around you!
You hit the gnoll sergeant.
The gnoll sergeant is moderately wounded.
You feel sick. The gnoll sergeant barely misses you. You furiously retaliate!
You headbutt the gnoll sergeant.
You hit the gnoll sergeant but do no damage.
You drain the gnoll sergeant.
The gnoll sergeant is heavily wounded.
You feel sick.
The gnoll sergeant hits you with a +2 trident of distortion!
* * * LOW HITPOINT WARNING * * *
Space warps horribly around you!!
You die...

#..# #.. # #..# #.#
#.. #.. ##########..#
#.# #..# #..
............# #.# #..#
#.. ............# #.#
#..# #.# .#########..#
#.# #..# #.# .# #..#
#.# #..# #.# .#
########.# #..######.#
.# #######)÷...g@.#
#..)).....# .#
#.....).#..#.#.#
#..)......# .#
#.#.#.#......#.#
#..######.# .#
.g.#......#.#####..#
#.# .#
#.#.#.#..#.#....(...#
#.# .#
.c...#......#........#
#.# .# ##'
##########.)###...#
#.# .# # .H# ..#..#
#...# #.# .# ##.
..#†.# #...# #..


You could see a gnoll sergeant (drained).

Vanquished Creatures
  Pikel (D:6)
  A manticore (D:9)
  Jeremiah (D:6)
  A troll (D:9)
  A hornet (D:8)
  5 yaks (D:8)
  A steam dragon (D:7)
  Menkaure (D:6)
  An acid dragon (D:7)
  6 water moccasins
  3 ice beasts
  4 orc warriors
  A sky beast (D:8)
  3 black bears
  2 centaurs (D:9)
  2 ogres (D:7)
  3 phantoms
  A kobold brigand (D:8)
  2 bullfrogs
  2 gnoll sergeants
  5 scorpions
  8 wights
  6 killer bees (D:9)
  6 howler monkeys
  2 bombardier beetles
  3 hounds
  2 jellies
  4 orc priests
  Crazy Yiuf (D:7)
  Jessica (D:3)
  2 gnoll boudas
  3 iguanas
  Ijyb (D:3)
  Terence (D:3)
  A sleepcap (D:5)
  3 orc wizards
  25 gnolls
  9 adders
  A shadow imp (D:6)
  5 white imps
  2 ufetubi (D:6)
  3 worms
  3 dart slugs
  32 orcs
  3 endoplasms
  5 giant cockroaches
  13 goblins
  9 hobgoblins
  8 jackals
  A quokka (D:1)
  4 ball pythons
  5 bats
  15 kobolds
  2 rats (D:1)
236 creatures vanquished.

Notes
Turn   | Place    | Note
-------+----------+-------------------------------------------
     0 | D:1      | Curundu the Minotaur Berserker began the quest for the Orb.
     0 | D:1      | Reached XP level 1. HP: 19/19 MP: 0/0
   104 | D:1      | Reached XP level 2. HP: 27/27 MP: 1/1
   618 | D:1      | Reached XP level 3. HP: 33/33 MP: 2/2
   622 | D:1      | Reached ** piety under Trog
  1455 | D:3      | Noticed Jessica
  1463 | D:3      | Killed Jessica
  1464 | D:3      | Reached skill level 1 in Maces & Flails
  1464 | D:3      | Reached XP level 4. HP: 30/41 MP: 3/3
  1512 | D:3      | Noticed Ijyb
  1525 | D:3      | Killed Ijyb
  1580 | D:3      | Noticed Terence
  1584 | D:3      | Killed Terence
  1585 | D:3      | Reached skill level 3 in Armour
  1585 | D:3      | Reached XP level 5. HP: 47/47 MP: 4/4
  1600 | D:3      | Reached skill level 5 in Polearms
  1783 | D:3      | Found a shadowy altar of Dithmenos.
  2361 | D:4      | Reached *** piety under Trog
  2362 | D:4      | Reached skill level 1 in Short Blades
  2445 | D:4      | Reached skill level 4 in Armour
  2772 | D:4      | Reached XP level 6. HP: 43/53 MP: 5/5
  3435 | D:4      | Found a burning altar of Makhleb.
  3437 | D:4      | Found a hazy altar of Hepliaklqana.
  3451 | D:4      | Reached skill level 5 in Armour
  3486 | D:4      | Found an ancient bone altar of Kikubaaqudgha.
  3734 | D:5      | Entered Level 5 of the Dungeon
  3734 | D:5      | Noticed a water moccasin
  3756 | D:5      | Killed a water moccasin
  3795 | D:5      | Reached skill level 6 in Armour
  3795 | D:5      | Reached XP level 7. HP: 16/60 MP: 6/6
  4181 | D:5      | Reached skill level 5 in Fighting
  4301 | D:5      | Found a staircase to the Ecumenical Temple.
  4569 | D:5      | Reached skill level 7 in Armour
  4686 | D:5      | Reached skill level 8 in Armour
  4693 | D:5      | Reached XP level 8. HP: 44/70 MP: 7/7
  4840 | D:5      | Reached skill level 9 in Armour
  4863 | D:5      | Reached **** piety under Trog
  5297 | D:6      | Reached skill level 10 in Armour
  5476 | D:6      | Found a transporter.
  5490 | D:6      | Noticed jfcaron's ghost (novice GnSh)
  5490 | D:6      | Identified the +8 giant club of Discretion {spect, rCorr
                  | Str+5}
  5509 | D:6      | Found a transporter.
  5622 | D:6      | Reached XP level 9. HP: 74/79 MP: 8/8
  5691 | D:6      | Noticed Jeremiah
  5692 | D:6      | Noticed Menkaure
  5704 | D:6      | Killed Menkaure
  5761 | D:6      | Killed Jeremiah
  5762 | D:6      | Reached skill level 5 in Short Blades
  5914 | D:6      | Found a sparkling altar of Nemelex Xobeh.
  6117 | D:6      | Noticed Pikel
  6146 | D:6      | Killed Pikel
  6147 | D:6      | Reached skill level 11 in Armour
  6147 | D:6      | Reached skill level 1 in Evocations
  6701 | D:7      | Reached skill level 1 in Stealth
  6717 | D:7      | Identified the +5 short sword "Impslayer" {drain, rF++ rC+
                  | Int-3 Stlth+}
  6740 | D:7      | Reached ***** piety under Trog
  7112 | D:7      | Reached XP level 10. HP: 86/88 MP: 9/9
  7162 | D:7      | Found a runed translucent door.
  7163 | D:7      | Noticed Crazy Yiuf
  7433 | D:7      | Reached skill level 12 in Armour
  7570 | D:7      | Killed Crazy Yiuf
  8253 | D:8      | Reached skill level 1 in Throwing
  8459 | D:8      | Received a gift from Trog
  9023 | D:9      | Reached skill level 13 in Armour
  9041 | D:9      | Reached skill level 1 in Shields
  9195 | D:9      | Noticed a manticore
  9458 | D:9      | Killed a manticore
  9485 | D:9      | Slain by a gnoll sergeant

Illustrated notes

Levels and vault maps discovered:
D:1:      grunt_arrival_lava_bath, layout_loops_cross, chequers_arboretum,
          nrook_uturn
D:2:      layout_loops_ring, hex_medium
D:3:      layout_basic, overflow_temple_1_default, minmay_misc_feat_columns,
          uniq_ijyb, uniq_jessica, uniq_terence
D:4:      layout_basic, grunt_temple_overflow_open
D:5:      minmay_octagon_keep, layout_basic, minmay_temple_entry_stoned_glass,
          minivault_14
D:6:      layout_loops_ring, nemelex_xobeh_ov_fountains_minmay,
          gammafunk_ghost_smash, uniq_menkaure, uniq_jeremiah, uniq_pikel
D:7:      layout_loops_ring, serial_bayou_pond_e, nicolae_water_bricks,
          uniq_crazy_yiuf_cottage
D:8:      layout_loops_cross
D:9:      minmay_clustersquares, layout_long_grid, kennysheep_generic_room_4

Skill      XL: |  1  2  3  4  5  6  7  8  9 10 |
---------------+-------------------------------+-----
Fighting       | 4 5 7 8 9 |  9.5
Polearms       | 4 5 |  5.6
Maces & Flails | 1 2 |  2.0
Dodging        | 3 |  3.8
Armour         | 3 4 6 8 10 11 13 | 13.3
Short Blades   | 1 2 4 6 8 |  8.3
Evocations     | 2 |  2.1
Stealth        | 1 |  1.1
Throwing       | 1 |  1.2
Shields        | 3 |  3.4

Action                     |  1- 3 |  4- 6 |  7- 9 | 10-12 || total
---------------------------+-------+-------+-------+-------++-------
  Melee: Spear             |    26 |       |       |       ||    26
         Headbutt          |    15 |    35 |    86 |    42 ||   178
         Whip              |    16 |       |       |       ||    16
         Dagger            |    42 |   167 |   167 |       ||   376
         Punch             |       |     2 |    11 |       ||    13
         Short sword       |       |       |   283 |   256 ||   539
         Demon trident     |       |       |    12 |       ||    12
  Throw: Dart              |       |     4 |       |       ||     4
         Boomerang         |       |       |     2 |       ||     2
 Invoke: Trog's Hand       |       |       |     1 |       ||     1
  Evoke: Wand              |       |       |    10 |     3 ||    13
    Use: Potion            |       |     2 |     1 |     1 ||     4
         Scroll            |       |       |       |     1 ||     1
 Armour: Animal skin       |     6 |       |       |       ||     6
         Plate armour      |    43 |   162 |   361 |   230 ||   796
  Dodge: Dodged            |    41 |    62 |   157 |   102 ||   362
  Block: Kite shield       |       |       |       |    76 ||    76

Table legend: (Time is in decaauts)
 A = Elapsed time spent in this place.
 B = Non-inter-level travel time spent in this place.
 C = Inter-level travel time spent in this place.
 D = Time resting spent in this place.
 E = Time spent auto-exploring this place.
 F = Levels seen in this place.
 G = Mean time per level.
                   A        B        C        D        E       F      G
               +--------+--------+--------+--------+--------+-----+--------+
         Total |   9308 |   9308 |      0 |    352 |   6679 |   9 | 1034.2 |
       Dungeon |   9308 |   9308 |      0 |    352 |   6679 |   9 | 1034.2 |
               +--------+--------+--------+--------+--------+-----+--------+

Top non-repeatable levels by time:
     D:5: 1452 daAuts
     D:4: 1374 daAuts
     D:6: 1323 daAuts
     D:8: 1178 daAuts
     D:7: 1047 daAuts
     D:3: 925 daAuts
     D:1: 737 daAuts
     D:2: 688 daAuts
     D:9: 580 daAuts
